 Dungeon Crawl Stone Soup version 0.19-a0-1002-g674d22e (webtiles) character file.

89 mistymad the Skirmisher (level 4, -1/38 HPs)
             Began as a Formicid Abyssal Knight on July 19, 2016.
             Was a Follower of Lugonu.
             Killed from afar by Natasha (8 damage)
             ... with a magic dart
             ... on level 2 of the Dungeon.
             The game lasted 00:02:43 (1527 turns).

mistymad the Skirmisher (Formicid Abyssal Knight)   Turns: 1527, Time: 00:02:44

Health: -1/38      AC: 10    Str: 18    XL:     4   Next: 84%
Magic:  5/5        EV:  7    Int: 11    God:    Lugonu [*.....]
Gold:   29         SH:  0    Dex: 10    Spells: 0 memorised, 3 levels left

rFire  + . .     SeeInvis +     a - +1 hand axe
rCold  x . .     Gourm    .     i - +0 chain mail
rNeg   . . .     Faith    .     (no shield)
rPois  .         Spirit   .     (helmet unavailable)
rElec  .         Dismiss  .     (no cloak)
rCorr  .         Reflect  .     e - +0 pair of gloves
SustAt .         Harm     .     (no boots)
MR     .....                    (no amulet)
Stlth  ..........               (no ring)
                                b - ring of fire

@: not resistant to hostile enchantments, extremely unstealthy
A: permanent stasis, dig shafts and tunnels, four strong arms, antennae 3
a: Dig, Shaft Self, Depart the Abyss, Renounce Religion


You were on level 2 of the Dungeon.
You worshipped Lugonu.
Lugonu was aware of your devotion.
You were not hungry.

You visited 1 branch of the dungeon, and saw 2 of its levels.
You visited the Abyss 1 time.

You collected 29 gold pieces.

Inventory:

Hand Weapons
 a - a +1 hand axe (weapon)
Armour
 e - a +0 pair of gloves (worn)
 i - a +0 chain mail (worn)
Jewellery
 b - a ring of fire (left hand)
Scrolls
 d - a scroll of magic mapping {unknown}
 h - a scroll of enchant armour {unknown}
 j - 2 scrolls of identify {unknown}
 k - a scroll of blinking {unknown}
 o - a scroll of remove curse {unknown}
Potions
 m - a potion of lignification {unknown}
 n - 4 potions of heal wounds {unknown}
 p - a potion of mutation {unknown}
Comestibles
 c - a bread ration
 f - a meat ration
 g - a slice of pizza
 l - 2 chunks of flesh


   Skills:
 + Level 4.3 Fighting
 + Level 3.1 Axes
 + Level 3.2 Armour
 - Level 0.8 Dodging
 - Level 2.1 Invocations


You had 3 spell levels left.
You didn't know any spells.

Dungeon Overview and Level Annotations

Branches:
Dungeon (2/15)

Altars:

Annotations:
D:2 Natasha


Innate Abilities, Weirdness & Mutations

You are under a permanent stasis effect.
You can dig through walls and to a lower floor.
Your four strong arms can wield two-handed weapons with a shield.
You have a pair of large antennae on your head. (SInv)


Message History

Natasha extends her claws.
Natasha claws you but does no damage.
You extend your mandibles.
You dig through the rock wall.
You dig through the rock wall.
You dig through the rock wall.
Natasha claws you but does no damage.
You retract your mandibles.
You hit Natasha but do no damage.
Natasha is moderately wounded.
Natasha claws you but does no damage.
You hit Natasha.
Natasha is moderately wounded.
Natasha claws you!
* * * LOW HITPOINT WARNING * * *
You take 7 damage, and have 7/38 hp.
You are too injured to fight recklessly!
You hit Natasha.
Natasha is heavily wounded.
Natasha stares at you and mumbles some strange words.
The magic dart hits you!
You die...

#........##.#
##.....).##.#
##......##.######
#.#.............
...##......######
### #.###### ###
#.# #. ##h###+##
#. #@#{#.5.# {
#.### ####{#
#.#.## ##.## ##.#
.####....####..#
#...
......†÷.......#
......
#####........5.#
{ ###...
#######..#.###.#
#..# #........#.#
#.#{ #..
#.######.#.# #.#
#..#


You could see Natasha.

Vanquished Creatures
  Jessica (D:2)
  2 adders (D:2)
  A worm (D:2)
  A ball python (D:1)
  3 giant cockroaches
  8 goblins
  4 hobgoblins
  6 bats
  9 giant newts (D:1)
  3 kobolds (D:1)
  6 rats
44 creatures vanquished.

Notes
Turn   | Place    | Note
-------+----------+-------------------------------------------
     0 | Abyss:1  | mistymad the Formicid Abyssal Knight began the quest for the Orb.
     0 | Abyss:1  | Reached XP level 1. HP: 18/18 MP: 2/2
    64 | Abyss:1  | Noticed a tentacled starspawn
    65 | D:1      | Escaped the Abyss
   143 | D:1      | Reached XP level 2. HP: 18/24 MP: 3/3
   242 | D:1      | Reached * piety under Lugonu
   358 | D:1      | Reached XP level 3. HP: 29/30 MP: 4/4
  1107 | D:2      | Noticed Jessica
  1115 | D:2      | Killed Jessica
  1115 | D:2      | Reached skill level 4 in Fighting
  1115 | D:2      | Reached XP level 4. HP: 34/37 MP: 5/5
  1507 | D:2      | Noticed Natasha
  1527 | D:2      | Killed from afar by Natasha

Vault maps used:
D:1:      minmay_arrival_glassed_features, st_stairs_8, bh_walls_and_bars
D:2:      marbit_many_paths, old_standard_altar, uniq_natasha, uniq_jessica

Skill      XL: |  1  2  3  4 |
---------------+-------------+-----
Fighting       | 4 |  4.3
Armour         | 3 |  3.2
Axes           | 3 |  3.1
Dodging        | |  0.8
Invocations    | |  2.1

Action                   |  1- 3 |  4- 6 || total
-------------------------+-------+-------++-------
Melee: Hand axe          |    95 |    55 ||   150
Invok: Depart the Abyss  |     1 |       ||     1
 Abil: Dig               |       |     1 ||     1
 Stab: Sleeping          |     1 |       ||     1
  Eat: Chunk             |     1 |     1 ||     2
Armor: Leather armour    |    24 |       ||    24
       Chain mail        |     7 |    30 ||    37
Dodge: Dodged            |    52 |    17 ||    69
